 Dungeon Crawl Stone Soup version 0.17.0-28-g6e173f8 (console) character file.

271 Kloppie the Firebug (level 6, -2/36 HPs)
             Began as a High Elf Fire Elementalist on Dec 2, 2015.
             Shot with an arrow by a centaur (16 damage)
             ... on level 4 of the Dungeon.
             The game lasted 00:08:50 (3694 turns).

Kloppie the Firebug (High Elf Fire Elementalist)    Turns: 3694, Time: 00:08:50

Health: -2/36      AC:  3    Str:  7    XL:     6   Next: 2%
Magic:  10/10      EV: 13    Int: 21    God:
Gold:   231        SH:  0    Dex: 16    Spells: 3 memorised, 1 level left

rFire  . . .     SeeInvis .     d - +2 short sword (drain)
rCold  . . .     Clarity  .     a - +0 robe
rNeg   . . .     SustAt   .     (no shield)
rPois  .         Gourm    .     (no helmet)
rElec  .         Spirit   .     (no cloak)
rCorr  .         Warding  .     f - +0 pair of gloves
rMut   .         Stasis   .     (no boots)
MR     .....                    (no amulet)
Stlth  ++........               (no ring)
                                (no ring)

@: not resistant to hostile enchantments, unstealthy
A: no striking features
a: no special abilities


You were on level 4 of the Dungeon.
You were not hungry.

You visited 1 branch of the dungeon, and saw 4 of its levels.

You collected 231 gold pieces.

Inventory:

Hand Weapons
 d - a +2 short sword of draining (weapon)
 z - the +5 long sword "Killer Bee's Peril" {slice, rElec rC+++ rN+ MP-9, unknown}
   (You found it on level 4 of the Dungeon)

   It inflicts extra damage upon your enemies.
   It renders you almost immune to cold.
   It insulates you from electricity.
   It protects you from negative energy.
   It affects your magic capacity (-9).
Armour
 a - a +0 robe (worn)
 f - a +0 pair of gloves (worn)
Jewellery
 i - a +5 ring of strength {unknown}
 q - an uncursed amulet of resist mutation {unknown}
 u - an uncursed ring of wizardry {unknown}
Wands
 v - a wand of polymorph (9)
 x - a wand of digging (5)
Scrolls
 e - 4 scrolls of teleportation {unknown}
 n - 3 scrolls of identify {unknown}
 r - a scroll of fog {unknown}
 t - a scroll of enchant weapon {unknown}
 y - a scroll of amnesia {unknown}
Potions
 g - a potion of haste {unknown}
 j - a potion of flight {unknown}
 k - a potion of degeneration {unknown}
 l - a potion of lignification {unknown}
 m - a potion of poison {unknown}
 w - a potion of invisibility {unknown}
Books
 b - a book of Flames

   Spells                             Type                      Level
   a - Flame Tongue                   Conjuration/Fire             1
   b - Throw Flame                    Conjuration/Fire             2
   c - Conjure Flame                  Conjuration/Fire             3
   d - Inner Flame                    Hexes/Fire                   3
   e - Sticky Flame                   Conjuration/Fire             4
   f - Fireball                       Conjuration/Fire             5
Comestibles
 c - 3 bread rations
 h - a meat ration
 o - 2 beef jerkies
 p - 4 fruits
 s - a slice of pizza


   Skills:
 - Level 2.1 Dodging
 - Level 2.1 Stealth
 - Level 2.4 Spellcasting
 + Level 4.5 Conjurations
 + Level 5.3 Fire Magic


You had one spell level left.
You knew the following spells:

 Your Spells              Type           Power        Failure   Level  Hunger
a - Flame Tongue          Conj/Fire      ###..        1%          1    None
b - Conjure Flame         Conj/Fire      ###.....     6%          3    ###....
c - Sticky Flame          Conj/Fire      ###.....     21%         4    ####...


Dungeon Overview and Level Annotations

Branches:
Dungeon (4/15)
 Temple: D:4-7

Altars:
Fedhas
Nemelex Xobeh
Trog


Message History

Found a stone staircase leading up.
There is a stone staircase leading up here.
You now have 231 gold pieces (gained 12).
You see here 19 sling bullets.
A quokka comes into view.
A centaur comes into view.
Found 19 arrows.
Found a stone staircase leading down.
The centaur shouts!
The centaur wields a shortbow.
The centaur shoots an arrow.
The arrow hits you! The quokka closely misses you.
You see here an arrow.
The centaur shoots an arrow.
The arrow closely misses you. The quokka closely misses you.
You see here an arrow.
The centaur shoots an arrow.
The arrow hits you!
* * * LOW HITPOINT WARNING * * *
The quokka closely misses you.
You see here 2 arrows.
The centaur shoots an arrow.
The arrow hits you!
You die...

#############
#############...........#
#.......................#
#......(..........(.....#
#................(r.....#
#...............@....####
#....................#
#...................$#
#..........#.<..#.##...(
############.####.# ..c.
#.####.# ...>. ######
#...#..# +###
###...(#####.### ##
.............#


You could see a centaur and a quokka.

Vanquished Creatures
  A hound (D:3)
  An orc wizard (D:4)
  2 worker ants
  An orc priest (D:4)
  4 adders (D:3)
  An ooze (D:3)
  3 giant geckos
  5 orcs
  5 bats
  5 giant cockroaches
  17 hobgoblins
  13 jackals
  7 kobolds
  2 ball pythons (D:3)
  2 giant newts (D:1)
  7 goblins
  A quokka (D:2)
  8 rats
85 creatures vanquished.

Notes
Turn   | Place    | Note
--------------------------------------------------------------
     0 | D:1      | Kloppie the High Elf Fire Elementalist began the quest for the Orb.
     0 | D:1      | Reached XP level 1. HP: 11/11 MP: 4/4
   380 | D:1      | Reached XP level 2. HP: 4/17 MP: 1/6
  1095 | D:1      | Reached XP level 3. HP: 19/21 MP: 5/7
  1100 | D:1      | Learned a level 3 spell: Conjure Flame
  1393 | D:2      | Found a sparkling altar of Nemelex Xobeh.
  1618 | D:2      | Found a blossoming altar of Fedhas.
  1643 | D:2      | Reached skill level 4 in Fire Magic
  2365 | D:3      | Reached XP level 4. HP: 21/27 MP: 6/8
  2757 | D:3      | Reached XP level 5. HP: 31/31 MP: 6/9
  2947 | D:3      | Found a bloodstained altar of Trog.
  3265 | D:3      | Learned a level 4 spell: Sticky Flame
  3297 | D:4      | Reached skill level 5 in Fire Magic
  3396 | D:4      | Reached XP level 6. HP: 8/36 MP: 0/10
  3662 | D:4      | Got a bloodstained long sword
  3690 | D:4      | Noticed a centaur
  3694 | D:4      | Shot with an arrow by a centaur

Action                   |  1- 3 |  4- 6 || total
-------------------------+-------+-------++-------
Melee: Short sword       |    72 |    33 ||   105
 Cast: Flame Tongue      |    26 |    55 ||    81
 Stab: Sleeping          |    11 |     1 ||    12
       Distracted        |     1 |       ||     1
  Eat: Chunk             |     5 |     4 ||     9
